 Dungeon Crawl Stone Soup version 0.30.0-11-gf55b779eaf (webtiles) character file.

Game seed: 3123742606467640860

63 Edyrem the Sneak (level 4, -1/42 HPs)
             Began as a Naga Brigand on May 16, 2023.
             Killed by divine providence
             ... invoked by an orc priest
              (11 damage)
             ... on level 3 of the Dungeon.
             The game lasted 00:04:20 (1922 turns).

Edyrem the Sneak (Naga Brigand)                     Turns: 1922, Time: 00:04:21

Health: -1/42      AC:  3    Str: 13    XL:     4   Next: 9%
Magic:  4/4        EV:  9    Int: 12    God:
Gold:   72         SH:  0    Dex: 14    Spells: 3/3 levels left

rFire   . . .        a - +2 dagger
rCold   . . .        (no shield)
rNeg    . . .        b - +0 robe
rPois   +            (no helmet)
rElec   .            c - +0 cloak
rCorr   .            (no gloves)
SInv    +            (no barding)
Will    .....        (no amulet)
Stlth   +++          (no ring)
HPRegen 0.27/turn    (no ring)
MPRegen 0.09/turn

%: no passive effects
@: very slow
A: AC +1, large, see invisible, deformed body, poison resistance, slowness 2,
spit poison 1, naga tail 1
a: Spit Poison


You were on level 3 of the Dungeon.
You visited 1 branch of the dungeon, and saw 3 of its levels.

You collected 72 gold pieces.

Inventory:

Hand Weapons
 a - a +2 dagger (weapon)
 q - a +0 war axe
 t - a +0 dagger of flaming
Missiles
 d - 9 poisoned darts (quivered)
 e - 3 curare-tipped darts
 s - 4 javelins
Armour
 b - a +0 robe (worn)
 c - a +0 cloak (worn)
Jewellery
 f - a ring of fire
 h - an amulet of magic regeneration
Scrolls
 g - a scroll of teleportation {unknown}
 i - 4 scrolls of vulnerability {unknown}
 j - a scroll of fog {unknown}
 m - 2 scrolls of identify {unknown}
 p - a scroll of enchant weapon {unknown}
 r - a scroll of enchant armour {unknown}
 u - a scroll of immolation {unknown}
Potions
 k - 2 potions of curing {unknown}
 l - a potion of heal wounds {unknown}
 n - a potion of degeneration {unknown}
 o - a potion of invisibility {unknown}


   Skills:
 + Level 3.3 Fighting
 - Level 2.0 Short Blades
 - Level 1.7 Throwing
 - Level 0.7 Dodging
 + Level 7.2 Stealth


You had 3 spell levels left.
You didn't know any spells.
Your spell library contained the following spells:

 Spells                   Type           Power      Damage    Failure   Level
 Ensorcelled Hibernation  Hex/Ice        0%         N/A       45%         2
 Spider Form              Tmut/Pois      0%         N/A       69%         3
 Anguish                  Hex/Necr       0%         N/A       97%         4
 Iskenderun's Battlesphe  Conj           0%         2d6       100%        5
 Iron Shot                Conj/Erth      0%         9d1       100%        6
 Spellforged Servitor     Conj/Summ      0%         N/A       100%        7


Dungeon Overview and Level Annotations

Branches:
Dungeon (3/15)

Altars:

Annotations:
D:3 Sigmund


Innate Abilities, Weirdness & Mutations

Your serpentine skin is tough. (AC +1)
You have supernaturally acute eyesight. (SInv)
Armour fits poorly on your strangely shaped body.
Your system is resistant to poisons. (rPois)
You cover ground very slowly.
You can spit poison.
You have a snake-like lower body.


Message History

You hit the adder.
The adder is severely wounded.
The adder closely misses you.
The orc wizard hits you with a +0 dagger.
You hit the adder but do no damage. You punch the adder, but do no damage.
The adder is severely wounded.
The adder bites you.
The orc wizard hits you with a +0 dagger.
An orc priest comes into view. It is wielding a +1 dagger of draining.
You hit the adder.
You kill the adder!
The orc wizard hits you with a +0 dagger.
The orc throws a boomerang.
The boomerang closely misses you.
You have reached level 4!
You feel clever.
Sigmund and an orc come into view.
Sigmund is wielding a +0 scythe, wearing a +2 robe of willpower and carrying a wand of flame (18).
The orc wizard hits you but does no damage.
The orc wizard points at you and mumbles some strange words.
The magic dart hits you.
The orc priest looks encouraged for a moment.
Sigmund shouts!
You hit the orc.
The orc is heavily wounded.
The orc wizard hits you with a +0 dagger.
The orc hits you with a +0 mace. The orc hits you with a +0 club.
You closely miss the orc.
The orc is heavily wounded.
The orc wizard gestures at you while chanting.
The magic dart hits you. The orc barely misses you.
The orc hits you but does no damage.
The orc priest looks braver for a moment.
The orc wizard closely misses you. The orc hits you with a +0 mace.
* * * LOW HITPOINT WARNING * * *
The orc wizard hits you with a +0 dagger.
* * * LOW HITPOINT WARNING * * *
The orc closely misses you.
The orc priest invokes the aid of Beogh against you.
Beogh smites you!
You die...

####### #..<..#
#...).# ####.....#
##.##.....#
..######>.#..#####
#.o@.o.o@...##
#######oo..##
#..### #.## ...#
###.# #.# #.#


You could see Sigmund, an orc priest, an orc wizard (invisible) and 3 orcs.

Vanquished Creatures
  An adder (D:3)
  An adder skeleton (D:2)
  A dart slug (D:1)
  4 ball pythons
  8 bats
  5 endoplasms
  3 giant cockroaches (D:1)
  3 goblins
  6 hobgoblins
  4 kobolds
  3 quokkas
  A ball python skeleton (D:2)
  2 frilled lizards
  4 rats
46 creatures vanquished.

Notes
Turn   | Place    | Note
-------+----------+-------------------------------------------
     0 | D:1      | Edyrem the Naga Brigand began the quest for the Orb.
     0 | D:1      | Reached XP level 1. HP: 19/19 MP: 1/1
   124 | D:1      | Reached skill level 6 in Stealth
   174 | D:1      | Reached XP level 2. HP: 27/27 MP: 2/2
   602 | D:1      | Reached XP level 3. HP: 33/33 MP: 3/3
  1431 | D:2      | Reached skill level 7 in Stealth
  1918 | D:3      | Reached XP level 4. HP: 30/42 MP: 4/4
  1918 | D:3      | Noticed Sigmund
  1922 | D:3      | Killed from afar by an orc priest

Illustrated notes

Levels and vault maps discovered:
D:1:      sevenhm_arrival_forest_fort_large_1, layout_loops_cross,
          serial_rivers, chequers_serial_rivers_small_b,
          chequers_serial_rivers_marsh, chequers_serial_rivers_large_a,
          chequers_serial_rivers_small_b, chequers_serial_rivers_marsh,
          chequers_serial_rivers_small_3, ebering_dispersal_statue_hall,
          glass_columns_a
D:2:      kennysheep_big_flooded_room, layout_basic, serial_undead,
          serial_undead_e, serial_undead_e, serial_undead_f, serial_undead_c,
          hangedman_decor_lopped, skrybe_limestone_x
D:3:      layout_rooms, uniq_jessica, uniq_sigmund, uniq_ijyb, uniq_grinder

Skill      XL: |  1  2  3 |
---------------+----------+-----
Stealth        | 6 7 |  7.2
Fighting       | 3 |  3.3
Short Blades   | |  2.0
Throwing       | |  1.7
Dodging        | |  0.7

Action                     |  1- 3 |  4- 6 || total
---------------------------+-------+-------++-------
  Melee: Dagger            |   113 |     2 ||   115
         Punch             |     1 |       ||     1
   Stab: Sleeping          |    13 |       ||    13
 Armour: Robe              |    20 |     2 ||    22
  Dodge: Dodged            |    43 |     3 ||    46
